Map: [ESL] Altitude

Players

DnS - Winner!

  • Race: Protoss Protoss
  • Spawn Location: 7:00

Elazer

  • Race: Zerg Zerg
  • Spawn Location: 1:00

Event: ESL SC2 Masters 2023 Summer (Regionals)

VOD

Have the link to the VOD?

Description

Time

  • Played on: May 2, 2023, 11:29 a.m.
  • Length: 18:09

All games in this series

Show
View Real Time Build Order
Export as new Build Order

DnS Protoss - Winner!

Build Orders: 1 Gate Expand, Oracle Opening 

Get SALT Encoding   

  12  0:00  Probe  
  13  0:12  Probe  
  14  0:19  Pylon  
  14  0:24  Probe (Chrono Boost)  
  15  0:38  Probe (Chrono Boost)  
  15  0:39  Gateway  
  16  0:46  Probe (Chrono Boost)  
  17  0:50  Assimilator  
  17  0:53  Probe  
  18  1:05  Probe  
  19  1:17  Probe  
  20  1:28  Nexus  
  20  1:40  Cybernetics Core  
  20  1:42  Probe  
  21  1:49  Assimilator  
  21  1:55  Probe  
  21  1:59  Pylon  
  22  2:07  Probe (Chrono Boost)  
  23  2:14  Adept (Chrono Boost)  
  23  2:19  Probe (Chrono Boost)  
  23  2:21  Stargate  
  26  2:25  Probe (Chrono Boost)  
  26  2:28  Warp Gate  
  27  2:35  Probe (Chrono Boost)  
  28  2:38  Adept  
  28  2:41  Probe (Chrono Boost)  
  31  2:50  Probe x2 (Chrono Boost)  
  33  2:57  Probe x2  
  35  3:03  Oracle (Chrono Boost)  
  35  3:09  Probe x2  
  40  3:15  Adept  
  42  3:20  Pylon  
  42  3:21  Probe x2  
  44  3:28  Gateway  
  44  3:33  Probe  
  44  3:34  Probe  
  46  3:36  Oracle (Chrono Boost)  
  49  3:45  Probe  
  49  3:47  Probe  
  51  3:55  Nexus  
  51  3:57  Probe  
  51  4:01  Pylon  
  53  4:02  Probe  
  53  4:09  Probe  
  54  4:11  Pylon  
  54  4:18  Oracle (Chrono Boost)  
  54  4:19  Probe  
  54  4:21  Probe  
  54  4:22  Assimilator  
  54  4:23  Adept, Assimilator  
  61  4:29  Adept  
  60  4:31  Probe  
  60  4:33  Probe  
  61  4:43  Probe  
  61  4:44  Twilight Council  
  60  4:45  Probe  
  60  4:46  Forge  
  61  4:53  Adept  
  61  4:55  Probe  
  61  4:58  Probe, Stalker  
  67  5:05  Gateway  
  67  5:07  Probe, Gateway  
  67  5:08  Probe  
  67  5:10  Probe  
  70  5:17  Protoss Ground Weapons Level 1 (Chrono Boost)  
  70  5:18  Robotics Facility  
  70  5:19  Probe  
  70  5:20  Probe  
  72  5:22  Probe  
  72  5:24  Blink (Chrono Boost)  
  71  5:32  Probe x2 (Chrono Boost)  
  71  5:33  Shield Battery  
  71  5:34  Probe (Chrono Boost)  
  72  5:42  Stalker x2  
  79  5:43  Probe x3 (Chrono Boost)  
  79  5:47  Probe (Chrono Boost), Assimilator  
  79  5:48  Probe (Chrono Boost)  
  81  5:50  Probe  
  81  5:52  Assimilator  
  81  5:55  Pylon  
  82  5:59  Probe  
  82  6:00  Probe  
  82  6:03  Pylon  
  84  6:05  Pylon, Observer  
  84  6:07  Robotics Bay  
  84  6:09  Robotics Facility  
  85  6:13  Probe x2  
  87  6:20  Gateway  
  87  6:22  Pylon, Stalker  
  87  6:23  Stalker  
  91  6:33  Stalker x2  
  91  6:39  Gateway, Photon Cannon  
  95  6:47  Stalker  
  95  6:48  Stalker  
  99  6:55  Nexus  
  99  7:00  Colossus (Chrono Boost)  
  105  7:05  Colossus (Chrono Boost)  
  111  7:14  Stalker  
  111  7:15  Stalker x2  
  116  7:32  Stalker  
  116  7:33  Stalker  
  117  7:37  Probe  
  117  7:43  Probe x2  
  115  7:45  Pylon  
  115  7:47  Pylon  
  115  7:48  Colossus  
  115  7:50  Protoss Ground Weapons Level 2 (Chrono Boost)  
  117  7:53  Pylon, Charge  
  117  7:54  Extended Thermal Lance, Pylon  
  117  7:55  Pylon  
  117  8:03  Probe x3  
  120  8:09  Nexus  
  120  8:13  Shield Battery  
  120  8:15  Probe x2, Photon Cannon  
  120  8:18  Templar Archives  
  122  8:21  Probe  
  122  8:24  Colossus  
  129  8:27  Probe  
  130  8:34  Pylon  
  130  8:40  Gateway  
  130  8:41  Gateway  
  130  8:42  Probe x3  
  130  8:46  Shield Battery  
  130  8:47  Pylon  
  132  8:56  High Templar x3, Gateway  
  132  8:57  High Templar x2  
  132  8:59  High Templar  
  132  9:00  Archon  
  132  9:01  Pylon, Archon  
  144  9:03  Archon  
  144  9:07  Photon Cannon  
  144  9:10  Photon Cannon  
  144  9:12  Gateway  
  144  9:13  Photon Cannon  
  144  9:15  Shield Battery  
  144  9:17  Photon Cannon  
  144  9:20  Shield Battery  
  144  9:21  Probe x2  
  144  9:23  Warp Prism (Chrono Boost)  
  146  9:28  Probe x2  
  146  9:31  High Templar x2  
  154  9:34  Assimilator  
  154  9:35  Archon, Assimilator  
  154  9:46  High Templar x2  
  154  9:50  Gateway  
  154  9:51  Gateway, Archon, Photon Cannon  
  158  9:54  Gateway  
  158  9:59  Protoss Ground Weapons Level 3 (Chrono Boost)  
  158  10:01  Photon Cannon  
  158  10:08  Stalker x4  
  162  10:19  Stalker x3  
  162  10:20  Probe  
  150  10:31  Probe  
  151  10:37  Probe x2  
  140  10:50  High Templar x4  
  140  10:51  Nexus  
  140  10:54  Archon  
  140  10:55  Archon  
  148  10:58  Probe x3  
  151  11:06  High Templar x2  
  151  11:10  Probe (Chrono Boost), Archon  
  151  11:11  Probe (Chrono Boost)  
  158  11:18  Probe (Chrono Boost)  
  158  11:21  Probe x2 (Chrono Boost)  
  159  11:26  Probe x2 (Chrono Boost), Pylon  
  159  11:27  Pylon  
  159  11:31  Psionic Storm  
  160  11:35  Zealot  
  159  11:42  Probe  
  159  11:43  Probe x2  
  162  11:50  High Templar x3  
  168  11:54  Probe  
  168  11:55  Probe  
  139  12:10  Zealot x2  
  139  12:11  Zealot x5  
  149  12:27  High Templar x3  
  155  12:34  Nexus  
  155  12:35  Immortal (Chrono Boost)  
  155  12:36  Pylon  
  145  12:44  Immortal (Chrono Boost)  
  145  12:49  High Templar  
  145  12:50  High Templar  
  153  12:53  Archon  
  153  12:55  Shield Battery  
  153  12:56  Photon Cannon  
  153  12:58  Probe x2  
  153  13:04  High Templar x2  
  157  13:05  Warp Prism (Chrono Boost)  
  157  13:09  Archon  
  157  13:11  Probe  
  157  13:12  Probe  
  161  13:19  Zealot  
  163  13:23  High Templar x2  
  167  13:28  Archon  
  167  13:29  Stalker x3  
  173  13:39  Archon  
  161  13:43  High Templar x2  
  161  13:50  Pylon  
  161  13:53  High Templar  
  163  13:57  Pylon  
  163  13:58  Photon Cannon  
  163  14:00  Zealot x5  
  173  14:03  High Templar  
  173  14:06  Observer (Chrono Boost)  
  176  14:11  Probe x2  
  178  14:19  High Templar x2  
  182  14:24  Archon  
  182  14:25  Zealot x5  
  182  14:33  Nexus  
  180  14:41  High Templar x2  
  183  14:48  Archon  
  183  14:51  Stalker x5  
  187  15:01  Zealot x2  
  191  15:15  Protoss Shields Level 1 (Chrono Boost)  
  191  15:16  Zealot x2  
  191  15:20  Pylon  
  158  15:36  Stalker  
  158  15:37  Stalker x8  
  154  15:45  Archon  
  140  15:59  Stalker  
  140  16:00  Stalker x5  
  138  16:10  High Templar x2, Stalker  
  134  16:14  Archon  
  130  16:24  High Templar x4  
  138  16:28  Archon x2  
  138  16:32  High Templar x2  
  142  16:36  Archon  
  142  16:40  Nexus  
  142  16:42  Probe x4, Pylon  
  146  16:50  High Templar x2, Zealot  
  152  16:56  Archon  
  152  16:57  Zealot x4  
  159  17:10  Zealot x3  
  163  17:26  Stalker x6  
  185  17:39  Zealot x3  
  185  17:40  Photon Cannon  
  185  17:43  Shield Battery  
  151  17:52  Zealot x3  
  151  17:53  Zealot  
Show
View Real Time Build Order
Export as new Build Order

Elazer Zerg 

Build Orders: Hatch First 

Get SALT Encoding   

  12  0:00  Drone  
  13  0:13  Overlord  
  13  0:17  Drone  
  14  0:31  Drone x2  
  16  0:48  Hatchery  
  15  0:52  Drone  
  15  0:56  Drone  
  17  0:59  Drone  
  18  1:11  Extractor  
  17  1:15  Spawning Pool  
  16  1:20  Drone  
  16  1:21  Drone  
  18  1:29  Drone  
  19  1:39  Drone  
  20  1:53  Overlord  
  20  2:02  Queen x2  
  20  2:03  Zergling x2  
  20  2:04  Drone  
  26  2:12  Zergling x2  
  26  2:14  Drone  
  28  2:16  Metabolic Boost  
  28  2:23  Drone, Zergling x2  
  30  2:32  Drone  
  30  2:34  Drone  
  32  2:39  Queen  
  34  2:46  Drone  
  34  2:47  Overlord  
  35  2:56  Hatchery  
  34  3:05  Queen  
  36  3:10  Drone x3  
  39  3:14  Drone x2  
  39  3:19  Queen  
  43  3:25  Overlord  
  43  3:28  Drone  
  43  3:31  Overlord  
  44  3:42  Overlord  
  44  3:43  Queen  
  44  3:45  Drone  
  44  3:46  Zergling x4  
  49  3:48  Zergling x4  
  49  3:51  Drone x2  
  53  3:59  Drone x4  
  57  4:08  Spore Crawler  
  57  4:09  Overlord  
  56  4:13  Queen  
  56  4:14  Drone x2  
  56  4:16  Drone x2  
  62  4:18  Drone  
  62  4:22  Overlord  
  63  4:28  Drone x3  
  63  4:33  Drone x4  
  62  4:41  Drone x2  
  62  4:44  Drone x4  
  62  4:45  Drone  
  65  4:57  Drone x3  
  68  5:02  Evolution Chamber  
  68  5:05  Zergling x4  
  68  5:06  Hatchery  
  68  5:09  Zergling x2  
  69  5:16  Zergling x4  
  69  5:18  Overlord  
  69  5:19  Lair  
  69  5:20  Extractor  
  70  5:26  Drone x9  
  76  5:31  Drone  
  76  5:33  Zerg Melee Weapons Level 1  
  76  5:34  Drone  
  77  5:36  Drone  
  77  5:39  Drone  
  79  5:45  Extractor  
  79  5:46  Extractor, Drone x4  
  81  5:50  Drone x7  
  87  5:58  Zergling x2  
  87  6:00  Overlord  
  88  6:06  Zergling x4  
  88  6:09  Overlord  
  90  6:12  Zergling x2  
  90  6:14  Zergling x2  
  90  6:15  Zergling x4  
  94  6:21  Roach Warren  
  94  6:22  Baneling Nest  
  94  6:23  Zergling x2  
  94  6:24  Zergling x12  
  99  6:30  Zergling x8  
  102  6:40  Spore Crawler  
  102  6:41  Overlord, Drone x3  
  102  6:42  Spore Crawler  
  102  6:46  Overlord  
  103  6:47  Pneumatized Carapace  
  103  6:48  Drone x8  
  103  6:51  Drone x2  
  113  6:58  Drone x2  
  113  7:00  Overseer  
  115  7:02  Overseer  
  115  7:08  Hatchery, Zergling x8  
  117  7:12  Zergling x8  
  121  7:16  Overlord  
  121  7:22  Zergling x12  
  127  7:27  Overlord x4  
  127  7:28  Centrifugal Hooks, Glial Reconstitution, Zerg Melee Weapons Level 2  
  119  7:41  Zergling x18  
  124  7:48  Overlord  
  124  7:49  Zergling x8  
  124  7:50  Spore Crawler  
  128  7:58  Zergling x12  
  128  8:03  Overlord  
  127  8:07  Roach x3  
  127  8:11  Roach x4  
  137  8:14  Extractor  
  137  8:16  Extractor  
  137  8:18  Roach x3, Hatchery  
  140  8:21  Roach x9  
  140  8:26  Overlord x2  
  158  8:31  Overlord  
  158  8:35  Overlord  
  158  8:38  Drone x6  
  164  8:44  Ravager x4  
  164  8:45  Drone x4  
  172  8:49  Drone x7  
  172  8:54  Overlord  
  179  8:58  Zergling x4  
  179  8:59  Zergling x4  
  179  9:01  Zergling x10  
  188  9:10  Zergling x14  
  188  9:13  Spine Crawler  
  188  9:14  Spine Crawler  
  188  9:16  Zergling x2  
  188  9:17  Spine Crawler, Zergling x6  
  196  9:18  Spine Crawler  
  196  9:20  Drone  
  196  9:21  Drone  
  196  9:23  Zergling x4  
  199  9:34  Baneling x4  
  199  9:36  Baneling x4  
  199  9:42  Extractor, Drone x2, Spine Crawler x3  
  199  9:43  Drone  
  197  9:46  Baneling x5  
  197  9:47  Baneling x28  
  197  9:49  Baneling  
  197  9:50  Baneling x14  
  197  9:59  Zerg Missile Weapons Level 1, Spine Crawler  
  196  10:06  Hatchery  
  195  10:07  Zergling x10  
  194  10:16  Zergling x20  
  198  10:24  Baneling x17  
  197  10:29  Zergling x6  
  183  10:43  Drone x2  
  183  10:44  Drone x7  
  183  10:45  Drone x2  
  191  10:51  Roach  
  191  10:52  Roach x3  
  191  10:53  Overseer, Infestation Pit  
  191  10:56  Baneling x18, Spine Crawler  
  197  10:58  Zergling x6  
  200  11:06  Drone, Spine Crawler  
  200  11:07  Drone, Spine Crawler x2  
  200  11:10  Spore Crawler  
  198  11:13  Spine Crawler  
  198  11:14  Drone x3  
  198  11:15  Spine Crawler  
  194  11:33  Drone x4  
  194  11:34  Drone x2  
  194  11:35  Hatchery  
  194  11:36  Baneling x23  
  194  11:37  Baneling x7  
  171  12:06  Roach x9  
  172  12:09  Zergling x10  
  172  12:10  Zergling x26  
  172  12:12  Overlord x2  
  172  12:13  Hive, Zerg Missile Weapons Level 2  
  174  12:30  Zergling x42  
  174  12:35  Zergling x6  
  197  12:41  Zergling x2  
  197  12:42  Zergling x12  
  194  12:45  Baneling x5  
  193  12:57  Drone  
  195  12:58  Zergling x10  
  195  13:02  Baneling x15  
  199  13:08  Baneling x2  
  199  13:09  Baneling x19  
  199  13:10  Baneling x8  
  199  13:30  Baneling x15  
  166  13:45  Zergling x36  
  166  13:47  Zergling x26  
  183  13:51  Adrenal Glands  
  183  13:53  Viper  
  184  13:56  Extractor  
  184  13:57  Extractor, Drone x3  
  184  13:58  Drone x3  
  184  14:01  Drone x5  
  193  14:05  Viper  
  193  14:06  Spine Crawler x2  
  193  14:07  Spine Crawler  
  193  14:08  Spine Crawler  
  193  14:09  Spine Crawler x2  
  190  14:10  Baneling x6  
  190  14:11  Baneling  
  190  14:12  Zergling x20  
  192  14:31  Roach x5  
  196  14:43  Zergling x12  
  197  14:52  Baneling x30  
  196  14:53  Overlord x5  
  191  15:10  Spire  
  191  15:11  Hatchery  
  191  15:12  Drone x3  
  192  15:17  Spore Crawler  
  192  15:20  Zerg Melee Weapons Level 3  
  192  15:21  Zergling x16  
  166  15:38  Zergling x40  
  166  15:42  Roach x3  
  157  15:48  Roach x6  
  157  15:49  Zergling x4  
  150  16:01  Roach x8  
  141  16:05  Roach x2  
  141  16:09  Zergling x4  
  130  16:12  Zergling x4  
  130  16:15  Zergling x2  
  118  16:19  Ravager x9  
  118  16:21  Queen x3  
  128  16:27  Roach x5  
  137  16:33  Viper  
  137  16:38  Zergling x14  
  137  16:39  Zergling x2  
  147  16:44  Zergling x8  
  151  16:54  Zergling x10  
  156  17:01  Zergling x6  
  154  17:09  Zergling x8  
  156  17:17  Roach x6  
  156  17:20  Baneling x18  
  162  17:23  Zergling x4  
  162  17:31  Zergling x8  
  166  17:37  Zergling x4  
  151  17:46  Zergling x8  
Tags
 
Add a new tag
Caveats
  • Supply blocks, unpowered buildings, or Contaminate may cause inaccurate times.
  • Supply counts are checked every 10 seconds.